 Dungeon Crawl Stone Soup version 0.22.1-1-ga44c0e5 (webtiles) character file.

60 magicm the Skirmisher (level 4, -1/52 HPs)
             Began as a Human Fighter on Nov 10, 2018.
             Succumbed to a kobold's poison
             ... on level 3 of the Dungeon.
             The game lasted 00:07:36 (1174 turns).

magicm the Skirmisher (Human Fighter)               Turns: 1174, Time: 00:07:37

Health: -1/52      AC: 22    Str: 13 (16) XL:     4   Next: 25%
Magic:  4/4        EV:  2    Int:  8 (9)  God:
Gold:   64         SH:  8    Dex: 11 (13) Spells: 3/3 levels left

rFire    . . .     SeeInvis .   a - +0 long sword
rCold    . . .     Gourm    .   c - +0 shield
rNeg     + + +     Faith    .   (armour currently unavailable)
rPois    +         Spirit   .   (helmet currently unavailable)
rElec    .         Reflect  .   (cloak currently unavailable)
rCorr    .         Harm     .   (gloves currently unavailable)
MR       .....     NoTele   +   (boots currently unavailable)
Stlth    +.........             (no amulet)
HPRegen  0.17/turn              i - ring of poison resistance
MPRegen  0.09/turn              (no ring)

@: lethally poisoned (-1 -> -24), tree-form
A: no striking features
a: no special abilities


You were on level 3 of the Dungeon.
You were not hungry.
You were a tree.
You visited 1 branch of the dungeon, and saw 3 of its levels.

You collected 64 gold pieces.

Inventory:

Hand Weapons
 a - a +0 long sword (weapon)
Armour
 b - a +1 scale mail
 c - a +0 shield (worn)
 m - a +0 chain mail (melded)
Jewellery
 i - a ring of poison resistance (left branch)
 j - an uncursed amulet of rage {unknown}
Potions
 d - a potion of might
 e - a potion of curing {unknown}
 k - a potion of lignification
 l - a potion of heal wounds {unknown}
 n - a potion of mutation {unknown}
Comestibles
 f - 5 rations


   Skills:
 + Level 3.4 Fighting
 + Level 2.5 Long Blades
 + Level 3.4 Armour
 + Level 1.0 Dodging
 + Level 3.4 Shields


You had 3 spell levels left.
You didn't know any spells.
Your spell library was empty.

Dungeon Overview and Level Annotations

Branches:
Dungeon (3/15)

Altars:
Ashenzari

Annotations:
D:3 Ijyb


Message History

You hit the kobold.
The kobold is severely wounded.
You closely miss Ijyb.
Ijyb is heavily wounded.
* * * LOW HITPOINT WARNING * * *
You feel very sick. You block the kobold's attack.
Ijyb hits you but does no damage.
It was a potion of lignification.
You turn into a tree.
Your +0 chain mail melds into your body.
Your roots penetrate the ground.
* * * LOW HITPOINT WARNING * * *
You feel very sick. The kobold hits you but does no damage.
Ijyb hits you but does no damage.
You barely miss Ijyb.
Ijyb is heavily wounded.
* * * LOW HITPOINT WARNING * * *
You feel sick. You block the kobold's attack. Ijyb hits you but does no damage.
You hit Ijyb but do no damage.
Ijyb is heavily wounded.
You die...

# #. #)## ######## #...#
#......#. .#....###
#......#.# .......)#
#......#.#
......K♣#####......#.###
.......g'...'.........>#
..##....#####........#.#
........# ###.......<#
)..###### #......†## ..
#.....†()# . #.....#)).
#.....)... #!...##.##


You could see Ijyb and a kobold.

Vanquished Creatures
  2 adders (D:2)
  2 worms
  A leopard gecko (D:2)
  4 orcs (D:3)
  A giant cockroach (D:1)
  4 hobgoblins
  2 jackals (D:2)
  2 quokkas (D:2)
  3 bats
  3 frilled lizards
  4 kobolds
  5 rats
33 creatures vanquished.

Notes
Turn   | Place    | Note
-------+----------+-------------------------------------------
     0 | D:1      | magicm the Human Fighter began the quest for the Orb.
     0 | D:1      | Reached XP level 1. HP: 18/18 MP: 1/1
    76 | D:1      | Found a shattered altar of Ashenzari.
   211 | D:1      | Reached XP level 2. HP: 24/24 MP: 2/2
   643 | D:2      | Reached XP level 3. HP: 27/29 MP: 3/3
   837 | D:2      | Reached skill level 1 in Dodging
  1069 | D:3      | Reached XP level 4. HP: 15/35 MP: 4/4
  1135 | D:3      | Noticed Ijyb
  1173 | D:3      | HP: 2/52 [poisoned by a kobold]
  1174 | D:3      | Succumbed to a kobold's poison

Skill      XL: |  1  2  3 |
---------------+----------+-----
Dodging        | 1 |  1.0
Fighting       | |  3.4
Long Blades    | |  2.5
Armour         | |  3.4
Shields        | |  3.4

Action                   |  1- 3 |  4- 6 || total
-------------------------+-------+-------++-------
Melee: Long sword        |    89 |    55 ||   144
  Use: Scroll            |     3 |       ||     3
       Potion            |       |     4 ||     4
  Eat: Ration            |     1 |       ||     1
Armor: Scale mail        |    31 |       ||    31
       Chain mail        |    33 |    62 ||    95
       Skin              |       |     2 ||     2
Dodge: Dodged            |    21 |    20 ||    41
Block: Shield            |    69 |    44 ||   113
       Rpst.: Long sword |     9 |    10 ||    19
